 Dungeon Crawl Stone Soup version 0.29-a0-330-g52719c12eb (webtiles) character file.

Game seed: 14343945110388396924

51 dohliylev the Ruffian (level 3, 0/35 HPs)
             Began as a Troll Warper on May 11, 2022.
             Slain by Grinder (6 damage)
             ... on level 3 of the Dungeon.
             The game lasted 00:01:51 (1373 turns).

dohliylev the Ruffian (Troll Warper)                Turns: 1373, Time: 00:01:53

Health: 0/35       AC:  4    Str: 21    XL:     3   Next: 57%
Magic:  3/3        EV:  6    Int:  9    God:
Gold:   85         SH:  9    Dex:  9    Spells: 4/4 levels left

rFire   . . .      SeeInvis .     - Unarmed
rCold   . . .      Faith    .   k - +0 tower shield
rNeg    . . .      Spirit   .   a - +0 robe
rPois   .          Reflect  .   (helmet restricted)
rElec   .          Harm     .   (no cloak)
rCorr   .          Rampage  .   (gloves unavailable)
Will    .....                   (boots unavailable)
Stlth   +.........              (no amulet)
HPRegen 0.91/turn               (no ring)
MPRegen 0.08/turn               (no ring)

@: no status effects
A: large, unfitting armour, claws 3, regeneration 1, shaggy fur 1, tough skin 1
a: no special abilities


You were on level 3 of the Dungeon.
You visited 1 branch of the dungeon, and saw 3 of its levels.

You collected 85 gold pieces.

Inventory:

Missiles
 c - 7 boomerangs of dispersal (quivered)
Armour
 a - a +0 robe (worn)
 k - a +0 tower shield (worn)
Scrolls
 b - a scroll of blinking
 e - a scroll of magic mapping {unknown}
 i - 2 scrolls of identify {unknown}
Potions
 d - a potion of curing {unknown}
 f - a potion of invisibility {unknown}
 g - a potion of flight {unknown}
 h - 2 potions of heal wounds {unknown}
 j - a potion of might {unknown}


   Skills:
 + Level 1.7 Fighting
 + Level 0.8 Throwing
 + Level 2.1 Dodging
 + Level 3.0 Unarmed Combat
 + Level 1.2 Spellcasting
 + Level 2.6 Translocations


You had 4 spell levels left.
You didn't know any spells.
Your spell library contained the following spells:

 Spells                   Type           Power      Damage    Failure   Level
 Blink                    Tloc           10%        N/A       86%         2
 Gell's Gravitas          Tloc           5%         N/A       98%         3
 Lesser Beckoning         Tloc           5%         N/A       98%         3
 Teleport Other           Tloc           5%         N/A       98%         3
 Manifold Assault         Tloc           5%         N/A       100%        5


Dungeon Overview and Level Annotations

Branches:
Dungeon (3/15)

Altars:

Annotations:
D:3 Grinder


Innate Abilities, Weirdness & Mutations

You are too large for most types of armour.
You have claws for hands.
Your natural rate of healing is unusually fast.
You are covered in fur. (AC +1)
You have tough skin. (AC +1)


Message History

You claw the adder!
You kill the adder!
Your Unarmed Combat skill increases to level 3!
No target in view!
HP restored.
You see here an adder corpse.
There is an open door here.
You see here a hobgoblin skeleton.
You see here a +0 club.
Found a stone staircase leading down.
Found a stone staircase leading down.
Unknown command.
Found a dagger.
Done exploring.
Done exploring.
No target in view!
No target in view!
No target in view!
There is an escape hatch in the floor here.
You slide downwards.
The hatch slams shut behind you.
Grinder shouts!
Grinder gestures at you.
You barely resist. You scratch Grinder.
Grinder is lightly wounded.
Grinder blinks!
Grinder blinks!
Grinder gestures at you. Pain shoots through your body!
You scratch Grinder.
Grinder is moderately wounded.
Grinder hits you but does no damage.
You claw Grinder!
Grinder is moderately wounded.
Grinder hits you!
You writhe in agony.
* * * LOW HITPOINT WARNING * * *
Grinder hits you.
* * * LOW HITPOINT WARNING * * *
You writhe in agony.
You die...

#+# #.###
#... ##.5#
##..@#####.#
#...........
##.........#
##........#
..........#
###........#
#.########
#.# #.#


You could see Grinder.

Vanquished Creatures
  2 adders (D:2)
  A dart slug (D:1)
  6 bats
  5 endoplasms
  2 giant cockroaches (D:1)
  4 goblins
  A hobgoblin (D:2)
  3 kobolds (D:1)
  2 ball pythons
  3 rats
29 creatures vanquished.

Notes
Turn   | Place    | Note
-------+----------+-------------------------------------------
     0 | D:1      | dohliylev the Troll Warper began the quest for the Orb.
     0 | D:1      | Reached XP level 1. HP: 19/19 MP: 1/1
   244 | D:1      | Reached XP level 2. HP: 27/27 MP: 2/2
   522 | D:1      | Found a faded altar of an unknown god.
   887 | D:2      | Reached XP level 3. HP: 33/33 MP: 3/3
  1208 | D:2      | Reached skill level 3 in Unarmed Combat
  1366 | D:3      | Noticed Grinder
  1373 | D:3      | Slain by Grinder

Illustrated notes

Levels and vault maps discovered:
D:1:      psy_arrival_conway, layout_basic, shapermc_ecumenical_altar_ellora,
          minmay_box_of_dots
D:2:      layout_basic, kennysheep_another_room, kennysheep_generic_room_11
D:3:      layout_loops_corners, minmay_quadrilaterals, uniq_grinder, uniq_robin,
          uniq_natasha

Skill      XL: |  1  2  3 |
---------------+----------+-----
Dodging        | 2 |  2.1
Unarmed Combat | 3 |  3.0
Fighting       | |  1.7
Throwing       | |  0.8
Spellcasting   | |  1.2
Translocations | |  2.6

Action                   || total
-------------------------++-------
Melee: Unarmed           ||   102
Armor: Robe              ||    51
Dodge: Dodged            ||    55
Block: Tower shield      ||     8

Table legend: (Time is in decaauts)
 A = Elapsed time spent in this place.
 B = Non-inter-level travel time spent in this place.
 C = Inter-level travel time spent in this place.
 D = Time resting spent in this place.
 E = Time spent auto-exploring this place.
 F = Levels seen in this place.
 G = Mean time per level.
                   A        B        C        D        E       F      G
               +--------+--------+--------+--------+--------+-----+--------+
         Total |   1378 |   1324 |     54 |      0 |   1060 |   3 |  459.3 |
       Dungeon |   1378 |   1324 |     54 |      0 |   1060 |   3 |  459.3 |
               +--------+--------+--------+--------+--------+-----+--------+

Top non-repeatable levels by time:
     D:1: 786 daAuts
     D:2: 584 daAuts
     D:3: 7 daAuts
